 Dungeon Crawl Stone Soup version 0.26-a0-519-gb2f46efeda (webtiles) character file.

Game seed: 2796586413554822105

42 KristoblXynda the Ducker (level 3, -3/27 HPs)
             Began as a Vampire Gladiator on Aug 10, 2020.
             Slain by a worm (6 damage)
             ... on level 2 of the Dungeon.
             The game lasted 00:01:52 (867 turns).

KristoblXynda the Ducker (Vampire Gladiator)         Turns: 867, Time: 00:01:52

Health: -3/27      AC:  4    Str: 14    XL:     3   Next: 35%
Magic:  3/3        EV: 13    Int: 10    God:
Gold:   143        SH:  0    Dex: 15    Spells: 2/2 levels left

rFire    . . .     SeeInvis +   a - +0 long sword
rCold    . . .     Faith    .   (no shield)
rNeg     . . .     Spirit   .   b - +0 leather armour
rPois    .         Reflect  .   c - +0 helmet
rElec    .         Harm     .   (no cloak)
rCorr    .                      (no gloves)
MR       .....                  (no boots)
Stlth    +.........             (no amulet)
HPRegen  0.29/turn              (no ring)
MPRegen  0.08/turn              (no ring)

@: regenerating quickly
A: fangs 3, see invisible, unbreathing
a: Exsanguinate


You were on level 2 of the Dungeon.
You visited 1 branch of the dungeon, and saw 2 of its levels.

You collected 143 gold pieces.

Inventory:

Hand Weapons
 a - a +0 long sword (weapon)
Missiles
 d - 3 throwing nets (quivered)
Armour
 b - a +0 leather armour (worn)
 c - a +0 helmet (worn)
 f - a +0 buckler
Scrolls
 e - a scroll of remove curse {unknown}
 g - a scroll of teleportation {unknown}
 h - a scroll of random uselessness {unknown}
 i - 3 scrolls of identify {unknown}
Potions
 j - a potion of brilliance {unknown}
 k - a potion of resistance {unknown}


   Skills:
 + Level 2.2 Fighting
 + Level 3.4 Long Blades
 + Level 2.0 Throwing
 + Level 3.8 Dodging


You had 2 spell levels left.
You didn't know any spells.
Your spell library was empty.

Dungeon Overview and Level Annotations

Branches:
Dungeon (2/15)

Altars:
Kikubaaqudgha


Innate Abilities, Weirdness & Mutations

Your natural rate of healing is unusually fast.
You have razor-sharp teeth.
You have supernaturally acute eyesight. (SInv)
You can survive without breathing.


Message History

There is an escape hatch in the floor here.
A worm comes into view.
Found a leather armour.
A worm is nearby!
You hit the worm.
The worm is lightly wounded.
The worm bites you!
You hit the worm.
The worm is heavily wounded.
The worm bites you!
You barely miss the worm.
The worm is moderately wounded.
The worm bites you!
* * * LOW HITPOINT WARNING * * *
You hit the worm.
The worm is severely wounded.
You hit the worm.
The worm is almost dead.
The worm bites you.
You die...

#.....# #........... #.....#
.........^## #.#....
#......#.... #.......
#....#.#.... ...##..#.
#........... ###.
...........†..### #.
..########..#†... # ##
#########...........##. ##. #.
#.....@w...............
...###.##.#####..[.......(#.##.
..........# ...........#.#..
..........# ..........(..##.
....(...#.# ...........#####
..........# ........... ....
#####...#.# ......>... .###
#.........# ########## ##.
#.....>############ ..


You could see a worm.

Vanquished Creatures
  A gnoll (D:1)
  A dart slug (D:1)
  A leopard gecko (D:1)
  A bat (D:1)
  2 giant cockroaches
  3 goblins (D:1)
  4 hobgoblins (D:1)
  4 kobolds
  2 quokkas (D:2)
  4 frilled lizards
  5 rats
28 creatures vanquished.

Notes
Turn   | Place    | Note
-------+----------+-------------------------------------------
     0 | D:1      | KristoblXynda the Vampire Gladiator began the quest for the
                  | Orb.
     0 | D:1      | Reached XP level 1. HP: 16/16 MP: 1/1
    98 | D:1      | Reached XP level 2. HP: 17/22 MP: 2/2
   509 | D:1      | Reached XP level 3. HP: 27/27 MP: 3/3
   794 | D:2      | Found an ancient bone altar of Kikubaaqudgha.
   867 | D:2      | Slain by a worm

Illustrated notes

Levels and vault maps discovered:
D:1:      beargit_arrival_greenhouse, layout_basic
D:2:      layout_basic, kiku_gazebo_pond_becter, lemuel_tele_altar

Skill      XL: |  1  2 |
---------------+-------+-----
Fighting       | 2 |  2.2
Throwing       | 2 |  2.0
Long Blades    | |  3.4
Dodging        | |  3.8

Action                   || total
-------------------------++-------
Melee: Long sword        ||    71
       Bite              ||     9
 Stab: Sleeping          ||     2
Armor: Leather armour    ||    14
Dodge: Dodged            ||    47
       Rpst.: Long sword ||    18

Table legend: (Time is in decaauts)
 A = Elapsed time spent in this place.
 B = Non-inter-level travel time spent in this place.
 C = Inter-level travel time spent in this place.
 D = Time resting spent in this place.
 E = Time spent auto-exploring this place.
 F = Levels seen in this place.
 G = Mean time per level.
                   A        B        C        D        E       F      G
               +--------+--------+--------+--------+--------+-----+--------+
         Total |    884 |    871 |     13 |     40 |    593 |   2 |  442.0 |
       Dungeon |    884 |    871 |     13 |     40 |    593 |   2 |  442.0 |
               +--------+--------+--------+--------+--------+-----+--------+

Top non-repeatable levels by time:
     D:1: 646 daAuts
     D:2: 237 daAuts
